Map: Ulrena

Players

zidar

  • Race: Zerg Zerg
  • League: Silver
  • Spawn Location: 11:00

ClonClown - Winner!

  • Race: Protoss Protoss
  • League: Silver
  • Spawn Location: 7:00

VOD

Have the link to the VOD?

Description

Time

  • Played on: Jan. 13, 2016, 11:19 a.m.
  • Length: 5:27
Show
View Real Time Build Order
Export as new Build Order

zidar Zerg 

Build Orders: Pool First 

Get SALT Encoding   

  12  0:02  Drone  
  13  0:12  Overlord  
  13  0:17  Drone  
  14  0:33  Drone x2  
  14  0:34  Drone  
  17  0:47  Spawning Pool  
  17  0:48  Drone  
  17  0:56  Drone  
  18  1:16  Drone  
  18  1:17  Hatchery  
  18  1:25  Extractor  
  17  1:34  Queen  
  17  1:36  Drone  
  17  1:37  Overlord  
  20  1:41  Drone  
  21  2:04  Zergling x2  
  21  2:05  Zergling x2  
  23  2:11  Queen  
  25  2:58  Overlord x2  
  25  3:12  Roach Warren  
  24  3:14  Extractor  
  23  3:24  Zergling x2  
  23  3:25  Zergling x14  
  31  3:36  Metabolic Boost  
  32  4:02  Zergling x2  
  32  4:03  Zergling x8  
  32  4:06  Overlord  
  32  4:07  Overlord  
  28  4:35  Zergling x2  
  28  4:36  Zergling x10  
  20  5:01  Zergling x2  
  20  5:02  Zergling x10  
Show
View Real Time Build Order
Export as new Build Order

ClonClown Protoss - Winner!

Build Orders:  

Get SALT Encoding   

  12  0:01  Probe (Chrono Boost)  
  13  0:11  Probe (Chrono Boost)  
  14  0:19  Pylon  
  14  0:22  Probe (Chrono Boost)  
  15  0:37  Probe (Chrono Boost)  
  15  0:41  Gateway  
  16  0:45  Assimilator  
  16  0:47  Probe (Chrono Boost)  
  17  0:58  Probe (Chrono Boost)  
  18  1:07  Gateway  
  18  1:09  Probe (Chrono Boost)  
  19  1:16  Pylon  
  19  1:21  Probe (Chrono Boost)  
  19  1:25  Pylon  
  20  1:36  Cybernetics Core  
  20  1:46  Zealot  
  22  1:51  Assimilator  
  22  2:08  Gateway  
  22  2:12  Pylon  
  22  2:13  Warp Gate (Chrono Boost)  
  22  2:17  Stalker  
  23  2:27  Probe  
  24  2:35  Zealot  
  26  2:39  Probe  
  27  2:47  Gateway  
  27  2:51  Probe  
  28  2:57  Stalker  
  30  3:00  Sentry  
  32  3:12  Pylon  
  32  3:15  Adept  
  34  4:00  Gateway  
  34  4:03  Stalker x2  
  34  4:04  Stalker  
  34  4:05  Stalker  
  42  4:30  Zealot x2  
  44  4:31  Adept x2  
  46  4:52  Stalker  
  48  4:53  Stalker x2  
  48  5:12  Adept  
  48  5:23  Stalker  
  48  5:24  Zealot, Stalker  
Tags
 
Matchup
PvZ
Opening
Pool First
Spawn Locations
Close Positions
Add a new tag
Caveats
  • Supply blocks, unpowered buildings, or Contaminate may cause inaccurate times.
  • Supply counts are checked every 10 seconds.